 Dungeon Crawl Stone Soup version 0.22-b1-21-g5cfc168 (webtiles) character file.

49 tyranidshit the Skirmisher (level 3, 0/31 HPs)
             Began as a Demonspawn Abyssal Knight on Aug 5, 2018.
             Was a Follower of Lugonu.
             Killed from afar by an orc wizard (7 damage)
             ... with a magic dart
             ... on level 2 of the Dungeon.
             The game lasted 00:02:12 (1351 turns).

tyranidshit the Skirmisher (DsAK)                   Turns: 1351, Time: 00:02:13

Health: 0/31       AC:  5    Str: 13    XL:     3   Next: 53%
Magic:  4/4        EV: 10    Int: 13    God:    Lugonu [*.....]
Gold:   54         SH:  0    Dex: 12    Spells: 2/2 levels left

rFire    . . .     SeeInvis .   a - +1 hand axe
rCold    . . .     Gourm    .   (no shield)
rNeg     . . .     Faith    .   h - +0 ring mail
rPois    .         Spirit   .   (no helmet)
rElec    .         Reflect  .   (no cloak)
rCorr    .         Harm     .   (no gloves)
MR       .....                  (no boots)
Stlth    +.........             (no amulet)
HPRegen  0.10/turn              (no ring)
MPRegen  0.09/turn              (no ring)

@: slowed, very slow
A: talons 1, powered by pain 1
a: Depart the Abyss, Renounce Religion


You were on level 2 of the Dungeon.
You worshipped Lugonu.
Lugonu was aware of your devotion.
You were not hungry.

You visited 1 branch of the dungeon, and saw 2 of its levels.
You visited the Abyss 1 time.

You collected 54 gold pieces.

Inventory:

Hand Weapons
 a - a +1 hand axe (weapon)
Armour
 b - a +0 leather armour
 h - a +0 ring mail (worn)
Scrolls
 d - 2 scrolls of enchant armour
 f - a scroll of noise
Potions
 e - a potion of lignification
Comestibles
 c - 3 rations


   Skills:
 + Level 4.6 Fighting
 - Level 1.7 Axes
 - Level 1.7 Armour
 - Level 0.8 Dodging
 - Level 2.4 Invocations


You had 2 spell levels left.
You didn't know any spells.
Your spell library was empty.

Dungeon Overview and Level Annotations

Branches:
Dungeon (2/15)

Altars:
Qazlal


Innate Abilities, Weirdness & Mutations

You have sharp toenails.
You sometimes gain a little power by taking damage.


Message History

You completely miss the orc wizard. Your kick misses the orc wizard.
The orc wizard is severely wounded.
The orc wizard hits you but does no damage.
The orc wizard hits you with a dagger.
* * * LOW HITPOINT WARNING * * *
You hit the orc wizard. Your kick misses the orc wizard.
The orc wizard is almost dead.
The orc wizard barely misses you.
The orc wizard hits you but does no damage.
You closely miss the orc wizard.
The orc wizard is almost dead.
The orc wizard points at you and mumbles some strange words.
You resist with significant effort.
You barely miss the orc wizard. Your kick misses the orc wizard.
The orc wizard is almost dead.
The orc wizard gestures at you while chanting.
You feel yourself slow down.
The orc wizard points at you and mumbles some strange words.
The magic dart hits you!
You die...

#.#.#
##..<.....#
#.# #. ....#
########.#
#.# ###.
#.### #.#
#.#####...
#.# ####.##
#....##.##
..# #.....#
####.##.##
### #.##..#
#......
#####...#..#
####.##
......#o#..##
#...
###...@#.>.#
####
#......))#.#
#.#.##.###.#
# #... ...
#.## +### #.
#. #.


You could see an orc wizard.

Vanquished Creatures
  2 dart slugs (D:1)
  3 leopard geckos
  3 orcs (D:2)
  4 bats
  3 giant cockroaches
  2 goblins
  5 hobgoblins
  3 jackals (D:2)
  4 frilled lizards
  4 kobolds
  2 rats
35 creatures vanquished.

Notes
Turn   | Place    | Note
-------+----------+-------------------------------------------
     0 | Abyss:1  | tyranidshit the Demonspawn Abyssal Knight began the quest for the Orb.
     0 | Abyss:1  | Reached XP level 1. HP: 18/18 MP: 2/2
    30 | Abyss:1  | Noticed a worldbinder
    30 | Abyss:1  | Noticed a fire bat
    31 | D:1      | Escaped the Abyss
    53 | D:1      | Reached * piety under Lugonu
   106 | D:1      | Gained mutation: You sometimes gain a little power by taking damage. [demonic ancestry]
   106 | D:1      | Reached XP level 2. HP: 20/24 MP: 3/3
   441 | D:1      | Reached skill level 4 in Fighting
   630 | D:2      | Gained mutation: You have sharp toenails. [demonic ancestry]
   630 | D:2      | Reached XP level 3. HP: 7/30 MP: 4/4
  1019 | D:2      | Found a stormy altar of Qazlal.
  1351 | D:2      | Killed from afar by an orc wizard

Skill      XL: |  1  2 |
---------------+-------+-----
Fighting       | 4 |  4.6
Axes           | |  1.7
Armour         | |  1.7
Dodging        | |  0.8
Invocations    | |  2.4

Action                   || total
-------------------------++-------
Melee: Hand axe          ||   108
       Kick              ||     7
Invok: Depart the Abyss  ||     1
  Use: Potion            ||     4
       Scroll            ||     3
  Eat: Ration            ||     1
Armor: Leather armour    ||     8
       Ring mail         ||    35
Dodge: Dodged            ||    62
